Map: Dusk Towers

Players

Miszu - Winner!

  • Race: Terran Terran
  • League: Grandmaster

Hopt

  • Race: Terran Terran
  • League: Master

VOD

Have the link to the VOD?

Description

Time

  • Played on: May 19, 2016, 10:49 a.m.
  • Length: 14:37
Show
View Real Time Build Order
Export as new Build Order

Miszu Terran - Winner!

Build Orders: Reaper Expand, Bio Tank 

Get SALT Encoding   

  12  0:00  SCV  
  13  0:13  SCV  
  14  0:17  Supply Depot  
  14  0:25  SCV  
  15  0:39  SCV  
  15  0:40  Barracks  
  16  0:44  Refinery  
  16  0:51  SCV  
  17  1:03  SCV  
  18  1:15  SCV  
  19  1:28  Reaper, Orbital Command  
  20  1:46  Command Center  
  20  1:52  Supply Depot  
  20  1:54  SCV  
  21  2:00  Barracks Reactor  
  21  2:06  SCV  
  21  2:15  Refinery  
  21  2:18  SCV  
  21  2:22  Factory  
  22  2:30  SCV  
  23  2:41  Marine x2  
  23  2:42  SCV  
  25  2:54  SCV  
  26  2:59  Marine x2  
  26  3:00  Orbital Command  
  27  3:08  Hellion  
  27  3:10  Starport  
  26  3:25  SCV  
  26  3:27  SCV  
  26  3:29  Hellion  
  26  3:30  Marine x2  
  30  3:37  SCV  
  30  3:39  SCV  
  32  3:46  Medivac  
  34  3:50  SCV  
  34  3:51  Hellion, SCV  
  38  3:59  Supply Depot  
  38  4:02  SCV  
  39  4:05  Marine x2  
  39  4:06  SCV  
  42  4:12  Factory Tech Lab  
  42  4:14  SCV  
  43  4:18  SCV  
  43  4:22  Viking  
  46  4:26  SCV  
  47  4:34  SCV  
  47  4:37  Command Center  
  48  4:39  SCV  
  48  4:42  Supply Depot  
  49  4:46  SCV  
  49  4:49  Supply Depot  
  49  4:51  SCV  
  51  4:58  SCV  
  52  5:02  Viking  
  52  5:05  Supply Depot  
  42  5:21  Marine x2  
  42  5:25  Siege Tank, SCV  
  42  5:26  Barracks x2, SCV  
  42  5:28  Refinery x2  
  49  5:32  Starport Reactor  
  49  5:38  SCV x2  
  51  5:43  Marine x2  
  53  5:50  SCV x2  
  53  5:54  Engineering Bay x2  
  55  5:57  Siege Tank  
  55  6:02  SCV x2  
  55  6:03  Orbital Command  
  60  6:05  Marine x2  
  60  6:10  Medivac x2  
  66  6:14  SCV  
  66  6:16  Barracks Tech Lab  
  66  6:17  Barracks Tech Lab  
  67  6:19  SCV  
  67  6:23  Terran Infantry Weapons Level 1, Terran Infantry Armor Level 1  
  68  6:26  SCV  
  68  6:28  Barracks  
  68  6:30  Siege Tank  
  68  6:31  SCV  
  68  6:32  SCV  
  74  6:37  Marine  
  74  6:38  Marine x2  
  78  6:41  Stimpack  
  78  6:42  Marine  
  78  6:48  Barracks  
  78  6:49  SCV x2  
  78  6:50  SCV  
  78  6:52  Combat Shields  
  81  6:55  Marine  
  81  6:57  Armory  
  82  7:01  SCV  
  82  7:02  SCV x2  
  82  7:03  Supply Depot  
  82  7:05  Supply Depot, Marine  
  86  7:10  Marine x2  
  86  7:13  Marine, SCV  
  86  7:14  SCV  
  91  7:17  Barracks Reactor  
  91  7:24  Siege Tank  
  91  7:25  Marine  
  91  7:28  Supply Depot  
  95  7:30  Supply Depot  
  95  7:37  Marine  
  95  7:39  Barracks Reactor  
  95  7:40  Medivac  
  95  7:42  SCV x2  
  95  7:43  SCV  
  101  7:45  Factory, Refinery x2, Marine x2  
  101  7:47  Medivac  
  105  7:54  SCV x2  
  105  7:55  Supply Depot  
  105  7:56  Supply Depot, Siege Tank  
  110  7:59  SCV  
  110  8:05  Marine x3  
  111  8:06  Marine x3  
  111  8:11  Missile Turret  
  117  8:15  Missile Turret  
  117  8:20  Missile Turret  
  117  8:21  Terran Infantry Weapons Level 2, Missile Turret  
  117  8:26  Medivac x2  
  121  8:28  Siege Tank  
  121  8:31  Terran Infantry Armor Level 2  
  121  8:32  Marine  
  121  8:33  Factory Tech Lab  
  125  8:37  Supply Depot  
  125  8:43  Marine  
  125  8:44  Marine x5  
  131  8:48  Supply Depot  
  131  8:49  Terran Vehicle Weapons Level 1  
  131  8:53  Siege Tank  
  134  9:04  Supply Depot  
  134  9:07  Command Center  
  134  9:08  Medivac x2, Siege Tank  
  141  9:15  Marine x2  
  141  9:16  Marine x2  
  145  9:20  Supply Depot  
  142  9:38  Medivac, Siege Tank  
  147  9:40  Siege Tank  
  147  9:41  Marine x2  
  147  9:42  Marine x6  
  147  9:44  Supply Depot  
  158  9:47  Supply Depot  
  157  9:58  Barracks  
  157  9:59  Marine x5, Barracks  
  159  10:03  Marine, Barracks  
  163  10:10  Marine, Siege Tank  
  163  10:11  Marine  
  163  10:12  Siege Tank  
  171  10:17  Marine x2  
  173  10:23  Sensor Tower  
  173  10:28  Marine  
  173  10:29  Marine x4  
  173  10:33  Marine  
  179  10:35  Sensor Tower  
  182  10:42  Siege Tank  
  182  10:49  Terran Infantry Weapons Level 3  
  182  10:55  Terran Infantry Armor Level 3  
  182  10:56  Terran Vehicle Weapons Level 2  
  176  11:06  Siege Tank  
  176  11:07  Medivac x2  
  180  11:28  Siege Tank  
  183  11:38  Siege Tank  
  186  11:40  Planetary Fortress  
  186  11:49  Marine x3  
  186  11:50  Marine x5, Refinery  
  193  11:55  Refinery  
  193  12:00  Siege Tank  
  190  12:07  Marine x8  
  141  12:17  Barracks Reactor  
  141  12:18  Barracks Reactor x2  
  132  12:25  Marine x8  
  140  12:32  Siege Tank  
  140  12:33  Medivac, Siege Tank  
  140  12:34  Medivac  
  150  12:42  Marine  
  150  12:43  Marine x7  
  158  13:00  Marine  
  158  13:01  Marine x2  
  158  13:03  Medivac x2  
  158  13:04  Marine  
  158  13:05  Marine x7, Siege Tank x2  
  179  13:21  Command Center  
  168  13:37  Siege Tank  
  158  13:46  Marine x9  
  158  13:47  Marine x5  
  172  13:49  Medivac, Siege Tank  
  177  14:04  Marine x8  
  183  14:24  Sensor Tower  
Show
View Real Time Build Order
Export as new Build Order

Hopt Terran 

Build Orders: Reaper Expand, Bio Tank 

Get SALT Encoding   

  12  0:01  SCV  
  13  0:13  SCV  
  14  0:18  Supply Depot  
  14  0:25  SCV  
  15  0:40  SCV  
  15  0:41  Barracks  
  16  0:45  Refinery  
  16  0:52  SCV  
  17  1:04  SCV  
  18  1:16  SCV  
  19  1:28  Orbital Command  
  19  1:29  Reaper  
  20  1:43  Command Center  
  20  1:54  Supply Depot, SCV  
  21  2:01  Reaper  
  21  2:06  SCV  
  23  2:12  Refinery  
  23  2:18  SCV  
  24  2:30  Factory, SCV  
  24  2:35  Marine  
  26  2:42  SCV  
  27  2:53  Barracks Reactor  
  27  2:54  SCV  
  28  3:06  SCV  
  29  3:18  SCV  
  28  3:29  Orbital Command  
  28  3:30  SCV  
  28  3:31  Starport  
  28  3:32  Marine x2  
  31  3:42  Widow Mine  
  31  3:43  SCV  
  34  3:50  Marine x2  
  34  3:54  Command Center  
  34  3:55  Supply Depot, SCV  
  37  3:57  SCV  
  38  4:07  SCV  
  38  4:09  Viking, Marine x2, SCV  
  44  4:17  Supply Depot, Factory Tech Lab  
  44  4:19  SCV  
  44  4:22  SCV  
  46  4:29  Marine x2  
  46  4:30  Barracks  
  46  4:31  Barracks, SCV  
  49  4:34  SCV  
  49  4:35  Supply Depot  
  50  4:40  Siege Tank  
  50  4:43  SCV  
  54  4:45  Viking  
  54  4:46  SCV  
  54  4:49  Marine x2  
  59  4:55  Engineering Bay, SCV  
  59  4:58  SCV  
  60  5:08  Orbital Command  
  60  5:13  SCV  
  51  5:15  SCV  
  50  5:25  Starport Reactor, SCV  
  50  5:26  Siege Tank  
  50  5:27  SCV  
  55  5:28  Terran Infantry Weapons Level 1, Orbital Command  
  55  5:33  Refinery  
  55  5:34  Refinery  
  55  5:36  Marine x2  
  55  5:37  SCV  
  55  5:39  SCV  
  59  5:43  Barracks Tech Lab  
  59  5:49  SCV  
  60  5:51  SCV  
  60  5:54  Marine x2, Barracks Tech Lab  
  60  5:56  SCV  
  64  6:01  SCV  
  64  6:02  Engineering Bay  
  64  6:03  Stimpack  
  65  6:04  Medivac  
  65  6:05  SCV  
  65  6:06  Medivac  
  65  6:10  Supply Depot  
  70  6:12  Marine x2  
  70  6:13  Supply Depot, SCV x2  
  75  6:18  SCV  
  75  6:20  Marine  
  75  6:23  Combat Shields  
  75  6:25  SCV x2  
  77  6:29  Marine  
  79  6:33  Marine x2, SCV  
  79  6:35  Supply Depot, Siege Tank  
  79  6:37  SCV x2  
  87  6:41  Supply Depot  
  87  6:44  Medivac  
  87  6:45  SCV  
  90  6:50  Barracks  
  90  6:51  Barracks, SCV x2  
  92  6:57  SCV  
  93  7:04  SCV x2  
  93  7:05  Terran Infantry Armor Level 1  
  95  7:09  Armory  
  95  7:10  Supply Depot x3, SCV  
  95  7:14  Marine x3  
  99  7:16  Siege Tank  
  99  7:21  SCV  
  103  7:23  SCV  
  103  7:24  Refinery  
  103  7:25  Refinery, Marine  
  103  7:26  Medivac  
  103  7:29  SCV  
  108  7:32  Marine  
  108  7:34  Marine x2  
  108  7:37  SCV  
  112  7:40  Barracks Reactor x2  
  111  7:46  Barracks  
  111  7:48  Barracks  
  111  7:49  Missile Turret  
  111  7:52  SCV x2  
  111  7:53  SCV, Missile Turret  
  111  7:56  Medivac, Siege Tank  
  111  7:57  Marine  
  120  8:00  Marine x3  
  123  8:05  Supply Depot  
  123  8:06  Supply Depot, SCV  
  123  8:09  SCV x2  
  123  8:10  Supply Depot  
  126  8:15  Marine  
  126  8:18  Marine x3  
  129  8:20  Terran Infantry Weapons Level 2  
  129  8:21  Terran Vehicle Weapons Level 1  
  129  8:22  Marine x4  
  133  8:27  Factory  
  133  8:30  Siege Tank  
  133  8:32  Marine  
  137  8:36  Barracks Reactor x2, Marine x3  
  137  8:40  Supply Depot, Marine x3, SCV  
  137  8:41  Supply Depot  
  144  8:44  Marine  
  144  8:45  Medivac  
  147  8:50  Marine  
  147  8:53  Marine x2  
  147  8:54  Marine  
  151  8:57  Marine  
  151  8:58  Marine x2  
  151  8:59  Supply Depot  
  151  9:02  Supply Depot, Marine  
  153  9:08  Marine  
  154  9:11  Marine x2  
  154  9:12  Marine  
  154  9:15  Marine x2  
  159  9:25  Marine x5  
  159  9:26  Marine x2  
  159  9:28  Medivac x2, Siege Tank  
  159  9:29  Marine x3  
  176  9:33  Marine x2  
  176  9:37  Factory Tech Lab  
  178  9:40  Command Center  
  178  9:43  Marine  
  178  9:44  Terran Infantry Armor Level 2  
  179  9:46  Marine x6  
  179  9:47  Sensor Tower  
  179  9:52  Marine x2  
  187  9:54  Marine x2  
  187  9:56  Siege Tank  
  187  9:57  Marine, Sensor Tower  
  193  10:00  Siege Tank  
  193  10:01  Marine  
  193  10:03  Marine  
  197  10:44  Marine  
  197  10:49  Marine  
  197  10:51  Marine x3, Barracks x2  
  197  10:55  Barracks  
  197  10:57  Barracks  
  200  10:58  Marine, Barracks  
  200  11:09  Terran Infantry Weapons Level 3, Terran Vehicle Weapons Level 2  
  184  11:27  Marine x4  
  184  11:28  Marine x8  
  196  11:33  Command Center  
  195  11:44  Marine x2  
  195  11:45  Marine x3  
  200  11:53  Planetary Fortress  
  144  12:14  Marine  
  144  12:15  Marine x15  
  133  12:16  Siege Tank x2  
  133  12:17  Medivac x2  
  141  12:23  Marine  
  142  12:32  Marine x3  
  142  12:33  Marine x5  
  142  12:34  Marine x2  
  142  12:35  Marine  
  142  12:36  Marine  
  154  12:40  Marine x2  
  156  12:48  Siege Tank x2, Command Center  
  156  12:49  Marine x2  
  163  13:00  Marine x6  
  169  13:05  Marine  
  169  13:06  Marine x2  
  169  13:10  Marine  
  173  13:20  Siege Tank x2  
  113  13:42  Marine x11  
  113  13:47  Marine  
  123  13:49  Marine  
  123  13:52  Marine  
  123  13:53  Marine, Siege Tank x2  
  132  13:55  Marine  
  132  14:00  Marine x2  
  132  14:01  Marine  
  136  14:03  Marine  
  136  14:06  Marine  
  136  14:09  Marine  
  138  14:10  Marine  
  138  14:15  Marine x2  
Tags
 
Add a new tag
Caveats
  • Supply blocks, unpowered buildings, or Contaminate may cause inaccurate times.
  • Supply counts are checked every 10 seconds.